 Dungeon Crawl Stone Soup version 0.20.1-1-g8b1a95d (webtiles) character file.

217 Mesmaeker13 the Charmwright (level 5, -3/41 HPs)
             Began as a Demigod Skald on Aug 12, 2017.
             Slain by Natasha (6 damage)
             ... on level 2 of the Dungeon.
             The game lasted 00:06:28 (3392 turns).

Mesmaeker13 the Charmwright (Demigod Skald)         Turns: 3392, Time: 00:06:29

Health: -3/41      AC:  6    Str: 16    XL:     5   Next: 35%
Magic:  6/10       EV: 11    Int: 17    God:
Gold:   82         SH:  0    Dex: 15    Spells: 2/7 levels left

rFire    . . .     SeeInvis .   a - +0 spear
rCold    . . .     Gourm    .   (no shield)
rNeg     . . .     Faith    .   e - +0 scale mail
rPois    .         Spirit   .   (no helmet)
rElec    .         Reflect  .   (no cloak)
rCorr    .         Harm     .   (no gloves)
MR       .....                  (no boots)
Stlth    ..........             (no amulet)
Regen    0.2/turn               (no ring)
MPRegen  0.2/turn               (no ring)

@: infused
A: high mp 1
a: no special abilities


You were on level 2 of the Dungeon.
You were not hungry.

You visited 1 branch of the dungeon, and saw 3 of its levels.

You collected 82 gold pieces.

Inventory:

Hand Weapons
 a - a +0 spear (weapon)
 h - a +2 hand axe of venom
Missiles
 l - 151 stones (quivered)
Armour
 e - a +0 scale mail (worn)
 q - a +0 chain mail
Scrolls
 i - a scroll of random uselessness {unknown}
 k - a scroll of enchant armour {unknown}
 n - a scroll of teleportation {unknown}
 o - a scroll of immolation {unknown}
Potions
 b - a potion of curing
 f - a potion of heal wounds
 j - a potion of might {unknown}
 p - a potion of haste {unknown}
Books
 c - a book of Battle

   Spells                             Type                      Level
   a - Infusion                       Charms                       1
   b - Shroud of Golubria             Charms/Translocation         2
   c - Song of Slaying                Charms                       2
   d - Spectral Weapon                Hexes/Charms                 3
   e - Regeneration                   Charms/Necromancy            3
Comestibles
 d - 2 bread rations
 g - a meat ration
 m - 4 chunks of flesh


   Skills:
 - Level 1.7 Fighting
 + Level 3.2 Polearms
 + Level 1.3 Armour
 - Level 3.1 Dodging
 - Level 1.7 Spellcasting
 + Level 4.2 Charms


You had 2 spell levels left.
You knew the following spells:

 Your Spells              Type           Power        Failure   Level  Hunger
a - Infusion              Chrm           ###.         13%         1    #......
b - Song of Slaying       Chrm           ###.....     19%         2    ###....
c - Shroud of Golubria    Chrm/Tloc      #.........   43%         2    ###....


Dungeon Overview and Level Annotations

Branches:
Dungeon (3/15)

Annotations:
D:2 Natasha


Innate Abilities, Weirdness & Mutations

You have an increased reservoir of magic. (+10% MP)


Message History

Natasha claws you.
You hit Natasha.
Natasha is severely wounded.
The white imp gestures at you. The puff of frost hits you! Natasha claws you.
You barely miss Natasha.
Natasha is severely wounded.
The white imp gestures at you. The puff of frost hits you!
Natasha stares at you and mumbles some strange words.
The magic dart hits you!
* * * LOW HITPOINT WARNING * * *
You barely miss Natasha.
Natasha is severely wounded.
The white imp barely misses you. Natasha claws you!
* * * LOW HITPOINT WARNING * * *
You completely miss Natasha.
Natasha is severely wounded.
The white imp closely misses you. Natasha claws you.
You die...

#.########.########.#)#
#.########.#........#.#
#............####.#.#.#
#............# #.#.#.#
#............# #<#.#.#
#### #............#
####.#.# #...
#............###....#.#
#...
#.####.#............#.#
#... #
#.###.#@###......# #...
#.#...h.5......######...
#.#.#.#.###.............
#.#.#.#.# #)..##########
#.#.#.#.# #.>...........
..#.#.#.# #.#.##########
###.#.#.# #.#.# #
#.#.#.# #.#.##########
#...#.###.#.#.........


You could see Natasha and a white imp.

Vanquished Creatures
  Jessica (D:2)
  Terence (D:2)
  Natasha (twice) (D:2)
  2 adders (D:2)
  An ooze (D:2)
  A worm (D:2)
  3 dart slugs (D:2)
  3 ball pythons
  6 giant cockroaches
  8 goblins
  9 hobgoblins
  19 jackals
  8 bats
  4 frilled lizards (D:1)
  5 kobolds
  8 rats
81 creatures vanquished.

Notes
Turn   | Place    | Note
-------+----------+-------------------------------------------
     0 | D:1      | Mesmaeker13 the Demigod Skald began the quest for the Orb.
     0 | D:1      | Reached XP level 1. HP: 17/17 MP: 5/5
   321 | D:1      | Reached skill level 3 in Charms
   321 | D:1      | Reached XP level 2. HP: 24/24 MP: 7/7
  1084 | D:1      | Reached XP level 3. HP: 27/29 MP: 8/8
  1406 | D:1      | Learned a level 2 spell: Song of Slaying
  1460 | D:2      | Noticed Terence
  1491 | D:2      | Killed Terence
  1833 | D:2      | Reached XP level 4. HP: 30/36 MP: 7/9
  1867 | D:2      | Noticed Natasha
  2530 | D:2      | Killed Natasha
  2575 | D:2      | Noticed Natasha
  2583 | D:2      | Killed Natasha
  2746 | D:2      | Learned a level 2 spell: Shroud of Golubria
  2815 | D:2      | Noticed Jessica
  2826 | D:2      | Killed Jessica
  2826 | D:2      | Reached skill level 1 in Armour
  2826 | D:2      | Reached skill level 4 in Charms
  2826 | D:2      | Reached XP level 5. HP: 41/41 MP: 4/10
  3097 | D:2      | Found an iron altar of Okawaru.
  3380 | D:2      | Noticed Natasha
  3391 | D:2      | HP: 2/41 [Natasha (7)]
  3392 | D:2      | Slain by Natasha

Skill      XL: |  1  2  3  4 |
---------------+-------------+-----
Polearms       | 2 3 |  3.2
Dodging        | 2 3 |  3.1
Charms         | 3 4 |  4.2
Armour         | 1 |  1.3
Fighting       | |  1.7
Spellcasting   | |  1.7

Action                   |  1- 3 |  4- 6 || total
-------------------------+-------+-------++-------
Melee: Spear             |   183 |   151 ||   334
 Cast: Infusion          |     3 |     7 ||    10
       Song of Slaying   |     1 |     1 ||     2
       Shroud of Golubri |       |     1 ||     1
  Use: Scroll            |     2 |       ||     2
       Potion            |     2 |       ||     2
 Stab: Distracted        |     1 |       ||     1
  Eat: Chunk             |     3 |     6 ||     9
Armor: Leather armour    |    28 |       ||    28
       Skin              |    17 |       ||    17
       Scale mail        |     6 |    56 ||    62
Dodge: Dodged            |    92 |    71 ||   163
